 Dungeon Crawl Stone Soup version 0.32-a0-391-gce5c0aa (webtiles) character file.

Game seed: 17970239769390914247

375 Nithhogg the Trooper (level 6, 0/55 HPs)
             Began as a Mountain Dwarf Fighter on Feb 19, 2024.
             Splashed by a jelly's acid (8 damage)
             ... on level 5 of the Dungeon.
             The game lasted 00:05:12 (2764 turns).

Nithhogg the Trooper (Mountain Dwarf Fighter)       Turns: 2764, Time: 00:05:13

Health: 0/55       AC: -9    Str: 21    XL:     6   Next: 44%
Magic:  9/9        EV:  8    Int:  8    God:
Gold:   234        SH:  4    Dex:  9    Spells: 5/5 levels left

rFire   . . .        a - +0 war axe
rCold   . . .        c - +0 buckler
rNeg    . . .        e - +1 chain mail
rPois   .            (no helmet)
rElec   .            (no cloak)
rCorr   .            (no gloves)
SInv    .            (no boots)
Will    .....        (no amulet) Stlth
                     (no ring)
HPRegen 0.29/turn    (no ring)
MPRegen 0.11/turn

%: no passive effects
@: corroded, studying Hexes
A: runic magic, artefact enchanting
a: no special abilities


You were on level 5 of the Dungeon.
You visited 1 branch of the dungeon, and saw 5 of its levels.

You collected 234 gold pieces.

Inventory:

Hand Weapons
 a - a +0 war axe (weapon)
Missiles
 o - an atropa-tipped dart (quivered)
 p - 6 curare-tipped darts
Armour
 b - a +0 scale mail
 c - a +0 buckler (worn)
 e - a +1 chain mail (worn)
Jewellery
 j - an amulet of magic regeneration
Scrolls
 h - 4 scrolls of identify
 k - a scroll of poison
 l - a scroll of enchant armour
Potions
 f - 2 potions of curing
 g - 2 potions of enlightenment
 i - a potion of heal wounds {unknown}
 n - 2 potions of lignification {unknown}


   Skills:
 + Level 4.9 Fighting
 + Level 4.6 Axes
 + Level 4.9 Armour
 - Level 3.2 Shields
 + Level 4.0 Invocations


You had 5 spell levels left.
You didn't know any spells.
Your spell library contained the following spells:

 Spells                   Type           Power      Damage    Failure   Level
 Apportation              Tloc           0%         N/A       65%         1
 Necrotise                Necr           0%         1d4       65%         1
 Sting                    Conj/Alch      0%         1d3       65%         1
 Summon Small Mammal      Summ           0%         N/A       65%         1


Dungeon Overview and Level Annotations

Branches:
Dungeon (5/15)
 Temple: D:4-7

Altars:
Ashenzari
Okawaru
Uskayaw
Vehumet


Innate Abilities, Weirdness & Mutations

Your spellcasting is much less encumbered by armour.
You can use scrolls of enchantment on lesser artefacts.


Message History

No target in view!
No target in view!
Magic restored.
A jelly comes into view.
Found a hide-covered altar of Uskayaw.
The jelly quivers.
The jelly hits you.
You are splashed with acid!
You hit the jelly. The acid corrodes you!
Your hands burn!
The jelly is lightly wounded.
You block the jelly's attack.
You hit the jelly but do no damage. The acid corrodes you!
Your hands burn!
The jelly is lightly wounded.
The jelly barely misses you. The jelly hits you but does no damage.
You hit the jelly.
Your hands burn!
The jelly is heavily wounded.
The jelly hits you. The acid corrodes you!
You are splashed with acid!
You are too injured to fight recklessly!
You are too injured to fight recklessly!
You are too injured to fight recklessly!
You are too injured to fight recklessly!
You are too injured to fight recklessly!
You are too injured to fight recklessly!
You are too injured to fight recklessly!
You are too injured to fight recklessly!
You are too injured to fight recklessly!
You are too injured to fight recklessly!
You slash the jelly!
Your hands burn!
The jelly is almost dead.
You block the jelly's attack.
You hit the jelly but do no damage.
Your hands burn!
The jelly is almost dead.
The jelly completely misses you.
You hit the jelly but do no damage.
Your hands burn!
The jelly is almost dead.
The jelly hits you. The acid corrodes you!
You are splashed with acid!
* * * LOW HITPOINT WARNING * * *
The jelly hits you.
* * * LOW HITPOINT WARNING * * *
The acid corrodes you!
You are splashed with acid!
You die...

#.#............
#.#............
#.###..##......
#.# #..##......
##.###...#.....
##...##.........
##...............
#.......=........
#.....$..@J......
#......#####......
#......# .....
#...###.# ....
.... ..# ... ...
... .. .._ .


You could see a jelly.

Vanquished Creatures
  A water moccasin (D:4)
  A jelly (D:5)
  An iguana (D:4)
  A sleepcap (D:4)
  A gnoll (D:1)
  5 adders
  4 dart slugs
  2 ribbon worms
  6 orcs
  4 ball pythons
  7 endoplasms
  A giant cockroach (D:1)
  10 hobgoblins
  2 quokkas
  7 bats
  3 frilled lizards (D:2)
  8 goblins
  4 kobolds
  5 rats
73 creatures vanquished.

Notes
Turn   | Place    | Note
-------+----------+-------------------------------------------
     0 | D:1      | Nithhogg the Mountain Dwarf Fighter began the quest for the
                  | Orb.
     0 | D:1      | Reached XP level 1. HP: 19/19 MP: 1/1
   139 | D:1      | Reached skill level 1 in Invocations
   139 | D:1      | Reached XP level 2. HP: 26/26 MP: 2/2
   367 | D:1      | Reached XP level 3. HP: 30/31 MP: 4/4
   875 | D:2      | Reached XP level 4. HP: 22/40 MP: 5/5
  1274 | D:2      | You fall into a shaft and drop 1 floor!
  1794 | D:3      | Reached XP level 5. HP: 45/46 MP: 7/7
  1979 | D:3      | Found an iron altar of Okawaru.
  1986 | D:3      | Found a radiant altar of Vehumet.
  2159 | D:4      | Noticed a water moccasin
  2167 | D:4      | Killed a water moccasin
  2172 | D:4      | Reached XP level 6. HP: 52/53 MP: 8/8
  2251 | D:4      | Found a broken altar of Ashenzari.
  2611 | D:5      | Entered Level 5 of the Dungeon
  2755 | D:5      | Found a hide-covered altar of Uskayaw.
  2764 | D:5      | Splashed by a jelly's acid

Illustrated notes

Levels and vault maps discovered:
D:1:      dpeg_arrival_morbid_curiosity, layout_basic, minivault_25
D:2:      layout_rooms, serial_forest, infiniplex_forest_end_2,
          infiniplex_forest_end_1, infiniplex_forest_lined_corner,
          infiniplex_forest_end_1, infiniplex_forest_clump_medium,
          infiniplex_forest_corner_1, infiniplex_forest_lined_room_2,
          infiniplex_forest_clump_small, infiniplex_forest_lined_corner,
          infiniplex_forest_lined_3_way, corner_web_ring
D:3:      layout_rooms, nicolae_overflow_squiral
D:4:      layout_loops_cross, mainiacjoe_overflow_small_starburst,
          hangedman_decor_riveting, minmay_manual_monstrance
D:5:      layout_rooms, amcnicky_altar_gilded, nicolae_overflow_crystal_walls,
          dk_vineyard_1, uniq_menkaure

Skill      XL: |  1  2  3  4  5  6 |
---------------+-------------------+-----
Invocations    | 1 2 3 4 |  4.0
Axes           | 3 4 |  4.6
Armour         | 4 |  4.9
Fighting       | 4 |  4.9
Shields        | |  3.2

Action                     |  1- 3 |  4- 6 || total
---------------------------+-------+-------++-------
  Melee: War axe           |    63 |   151 ||   214
  Throw: Dart              |       |     2 ||     2
    Use: Scroll            |     3 |     6 ||     9
         Potion            |       |     3 ||     3
 Armour: Scale mail        |    48 |       ||    48
         Chain mail        |     6 |   131 ||   137
  Dodge: Dodged            |    34 |    75 ||   109
  Block: Buckler           |    16 |    32 ||    48

Table legend: (Time is in decaauts)
 A = Elapsed time spent in this place.
 B = Non-inter-level travel time spent in this place.
 C = Inter-level travel time spent in this place.
 D = Time resting spent in this place.
 E = Time spent auto-exploring this place.
 F = Levels seen in this place.
 G = Mean time per level.
                   A        B        C        D        E       F      G
               +--------+--------+--------+--------+--------+-----+--------+
         Total |   2838 |   2768 |     70 |      0 |   2015 |   5 |  567.6 |
       Dungeon |   2838 |   2768 |     70 |      0 |   2015 |   5 |  567.6 |
               +--------+--------+--------+--------+--------+-----+--------+

Top non-repeatable levels by time:
     D:1: 830 daAuts
     D:2: 747 daAuts
     D:3: 585 daAuts
     D:4: 521 daAuts
     D:5: 154 daAuts
